 Dungeon Crawl Stone Soup version 0.28.0-43-g3370ac3207 (webtiles) character file.

Game seed: 12027723241727289356

4 Jerry the Chucker (level 1, 17/20 HPs)
             Began as a Troll Hunter on Mar 9, 2022.
             Was a Follower of Trog.
             Quit the game on level 1 of the Dungeon.
             The game lasted 00:02:59 (395 turns).

Jerry the Chucker (Troll Hunter)                     Turns: 395, Time: 00:03:00

Health: 17/20      AC:  4    Str: 19    XL:     1   Next: 58%
Magic:  0/0        EV:  9    Int:  7    God:    Trog [*.....]
Gold:   0          SH:  0    Dex: 10    Spells: 0/0 levels left

rFire   . . .      SeeInvis .   h - +0 whip
rCold   . . .      Faith    .   (no shield)
rNeg    . . .      Spirit   .   b - +0 robe
rPois   .          Reflect  .   (helmet restricted)
rElec   .          Harm     .   (no cloak)
rCorr   .          Rampage  .   (gloves unavailable)
Will    .....                   (boots unavailable)
Stlth   +.........              (no amulet)
HPRegen 0.86/turn               (no ring)
MPRegen 0.07/turn               (no ring)

@: no status effects
A: large, unfitting armour, claws 3, regeneration 1, shaggy fur 1, tough skin 1
a: Renounce Religion, Berserk


You were on level 1 of the Dungeon.
You worshipped Trog.
Trog was aware of your devotion.
You visited 1 branch of the dungeon, and saw 1 of its levels.

Inventory:

Hand Weapons
 h - a +0 whip (weapon)
Missiles
 c - 5 large rocks (quivered)
 d - 2 throwing nets
Armour
 b - a +0 robe (worn)
Scrolls
 a - a scroll of enchant weapon {unknown}
 g - a scroll of silence {unknown}
Potions
 e - a potion of flight {unknown}
 f - a potion of magic {unknown}


   Skills:
 + Level 1.6 Fighting
 * Level 0.3 Maces & Flails
 + Level 3.6 Throwing
 + Level 1.6 Dodging
 - Level 0.3 Stealth


You couldn't memorise any spells.
You didn't know any spells.
Your spell library was empty.

Dungeon Overview and Level Annotations

Branches:
Dungeon (1/15)

Altars:
Trog


Innate Abilities, Weirdness & Mutations

You are too large for most types of armour.
You have claws for hands.
Your natural rate of healing is unusually fast.
You are covered in fur. (AC +1)
You have tough skin. (AC +1)


Message History

You kill the quokka!
No target in view!
No target in view!
An endoplasm comes into view.
An endoplasm is nearby!
An endoplasm is nearby!
You enter the shallow water.
Moving in this stuff is going to be slow.
The endoplasm quivers.
You enter the shallow water.
Moving in this stuff is going to be slow.
The endoplasm splashes around in the water.
You hit the endoplasm.
The endoplasm is moderately wounded.
The endoplasm splashes around in the water. x2
You hit the endoplasm.
The endoplasm is almost dead.
The endoplasm hits you but does no damage.
You hit the endoplasm but do no damage.
The endoplasm is almost dead.
The endoplasm freezes you.
You are frozen.
You hit the endoplasm.
You kill the endoplasm!
No target in view!
There is a faded altar of an unknown god here.
Why would you want to do that?
Unknown command.
Press < or > to pray at altars.
You cannot tell which god this altar belongs to.
Convert to them anyway?
Trog accepts your prayer! Trog welcomes you!
You can now go berserk at will.
Unknown command.
Press < or > to pray at altars.
Unknown command.
Press < or > to pray at altars.
Unknown command.
Press < or > to pray at altars.
Are you sure you want to abandon this character and quit the game? (Confirm with "yes".)

##........###.#.#
##......
#.#####.####.....#
##....... #.
#.###.#####.###
#........ #.
#.##.#.....#..#
##.....## ..
#.#..≈.....≈#.##
##...### .
#..#≈.≈...≈≈.#.## #..##
# ..#..≈.≈≈≈.≈..#.# #.##
## #.#...≈.≈≈≈≈≈≈#.##
#.# ##.
#.#....≈.@≈......###.#
#..
#...≈.≈≈≈≈≈≈#......###..
#..≈.≈≈≈.≈..#.####.##...
.#≈.≈...≈†.#.# #.##...
#..≈.....≈#.## #.#...#
#..#.....#..# #.'..('
#.#.#####.#.######.#...#
...................##...
....#############...


There were no monsters in sight!

Vanquished Creatures
  An endoplasm (D:1)
  A goblin (D:1)
  A quokka (D:1)
  A rat (D:1)
4 creatures vanquished.

Notes
Turn   | Place    | Note
-------+----------+-------------------------------------------
     0 | D:1      | Jerry the Troll Hunter began the quest for the Orb.
     0 | D:1      | Reached XP level 1. HP: 19/19 MP: 0/0
   373 | D:1      | Found a faded altar of an unknown god.
   394 | D:1      | Prayed at the altar of an unknown god.
   394 | D:1      | Became a worshipper of Trog the Wrathful
   394 | D:1      | Reached * piety under Trog
   395 | D:1      | Quit the game

Illustrated notes

Levels and vault maps discovered:
D:1:      evilmike_arrival_crescent, layout_loops_ring,
          shapermc_ecumenical_altar_starsandcircs

Action                   || total
-------------------------++-------
Melee: Whip              ||    10
       Short sword       ||     4
Armor: Robe              ||     3
Dodge: Dodged            ||     5
